 Dungeon Crawl Stone Soup version 0.19-a0-994-g3c636f0 (webtiles) character file.

2807 George the Carver (level 9, -4/74 (75) HPs)
             Began as a Minotaur Fighter on July 16, 2016.
             Was a Priest of Okawaru.
             Killed from afar by an orc wizard (8 damage)
             ... with a magic dart
             ... on level 7 of the Dungeon.
             The game lasted 00:10:24 (6033 turns).

George the Carver (Minotaur Fighter)                Turns: 6033, Time: 00:10:25

HP:   -4/74 (75)    AC:  6    Str: 23    XL:     9   Next: 44%
MP:   10/10         EV:  8    Int:  2    God:    Okawaru [***...]
Gold: 297           SH: 10    Dex: 11    Spells: 0 memorised, 8 levels left

rFire  + . .     SeeInvis +     S - +2 long sword (slice)
rCold  + . .     Gourm    .     L - +0 ring mail "Quhit" {rC+ Int-3 SInv Stlth+}
rNeg   . . .     Faith    .     c - +0 shield
rPois  .         Spirit   .     (helmet restricted)
rElec  .         Dismiss  .     (no cloak)
rCorr  .         Reflect  .     (no gloves)
SustAt .         Harm     .     (no boots)
MR     .....                    w - amulet of regeneration
Stlth  +++.......               J - ring of protection from fire
                                P - ring of stealth

@: studying Armour, drained, not resistant to hostile enchantments, fairly
stealthy
A: retaliatory headbutt, horns 2
a: Heroism, Renounce Religion


You were on level 7 of the Dungeon.
You worshipped Okawaru.
Okawaru was most pleased with you.
You were not hungry.

You visited 2 branches of the dungeon, and saw 8 of its levels.

You collected 297 gold pieces.

Inventory:

Hand Weapons
 y - a +0 dagger of electrocution
 S - a +2 long sword of slicing (weapon)
Missiles
 z - a throwing net (quivered)
Armour
 c - a +0 shield (worn)
 B - a +0 plate armour
 L - the +0 ring mail "Quhit" (worn) {rC+ Int-3 SInv Stlth+}
   (You found it on level 5 of the Dungeon)

   It affects your intelligence (-3).
   It protects you from cold.
   It lets you see invisible.
   It makes you more stealthy.
Jewellery
 i - an uncursed ring of flight
 w - an amulet of regeneration (around neck)
 J - a ring of protection from fire (right hand)
 P - a ring of stealth (left hand)
Wands
 E - a wand of digging (3/24)
Scrolls
 g - 6 scrolls of identify
 h - a scroll of blinking {unknown}
 m - a scroll of enchant weapon {unknown}
 q - 4 scrolls of remove curse {unknown}
 r - 3 scrolls of fog {unknown}
 t - a scroll of noise {unknown}
 u - 2 scrolls of amnesia {unknown}
 v - 2 scrolls of magic mapping {unknown}
 x - 2 scrolls of enchant armour {unknown}
 C - 2 scrolls of teleportation {unknown}
 M - a scroll of random uselessness {unknown}
Potions
 d - 5 potions of might
 p - 4 potions of curing
 D - a potion of invisibility
 G - 2 potions of mutation
Books
 Q - a manual of Armour
Comestibles
 f - 3 bread rations
 l - 6 meat rations
 H - a beef jerky
 N - 3 fruits
 R - a slice of pizza
 T - 2 chunks of flesh


   Skills:
 + Level 5.8 Fighting
 + Level 12.2 Long Blades
 + Level 7.2(7.1) Armour
 + Level 5.9 Shields
 + Level 3.7 Invocations


You had 8 spell levels left.
You didn't know any spells.

Dungeon Overview and Level Annotations

Branches:
Dungeon (7/15)             Temple (1/1) D:5

Altars:
Ashenzari
Cheibriados
Dithmenos
Elyvilon
Fedhas
Gozag
Hepliaklqana
Kikubaaqudgha
Nemelex Xobeh
Okawaru
Pakellas
Qazlal
Ru
Sif Muna
Trog
Uskayaw
Vehumet
Xom
Yredelemnul
Zin
The Shining One

Shops:
D:5 *


Innate Abilities, Weirdness & Mutations

You reflexively headbutt those who attack you in melee.
You have a pair of horns on your head.


Message History

You barely miss the orc priest. You completely miss the orc priest.
The orc priest calls down the wrath of Beogh upon you.
Beogh smites you!
* * * LOW HITPOINT WARNING * * *
You hit the orc priest. Your headbutt misses the orc priest.
The orc priest is heavily wounded.
The orc priest invokes the aid of Beogh against you.
Beogh smites you!
* * * LOW HITPOINT WARNING * * *
You completely miss the orc priest.
You headbutt the orc priest, but do no damage.
The orc priest is heavily wounded.
The orc priest miscasts a cantrip.
You slash the orc priest!
You kill the orc priest!
Okawaru accepts your kill. The orc wizard casts a spell at you.
The magic dart hits you!
You die...

#.....).zz#####..........
##.......).# ##.........
#.........## #....##..[
.#####..### ##.### ...
#.)# ### #.= ##.## ..
##o# #)## ##@# #)## ##)#
#)## ##.# #.## ##.## #.)#
####.##


You could see an orc wizard.

Vanquished Creatures
  The ghost of removeelyvilon the Summoner, a novice KoSu of Ashenzari (D:7)
  The ghost of George the Slasher, an amateur MiFi of Okawaru (D:4)
  Duvessa (D:5)
  An orc warrior (D:7)
  2 phantoms
  An ogre (D:6)
  2 necrophages (D:5)
  2 centaurs
  A giant frog (D:6)
  Dowan (D:5)
  A scorpion (D:6)
  10 wights (D:7)
  A crimson imp (D:6)
  2 giant frog zombies (D:6)
  3 orc priests
  4 hounds
  2 jellies (D:6)
  4 iguanas
  4 worker ants
  A worker ant zombie (D:6)
  Robin (D:4)
  5 adders
  2 shadow imps (D:6)
  An ooze (D:3)
  2 adder skeletons (D:4)
  2 worms
  12 dart slugs
  8 giant geckos
  8 orcs
  5 giant cockroaches
  15 goblins
  9 hobgoblins
  12 jackals
  A ball python (D:3)
  8 bats
  A giant cockroach zombie (D:5)
  A giant gecko skeleton (D:4)
  A giant gecko zombie (D:5)
  4 giant newts
  7 kobolds
  7 rats
157 creatures vanquished.

Notes
Turn   | Place    | Note
-------+----------+-------------------------------------------
     0 | D:1      | George the Minotaur Fighter began the quest for the Orb.
     0 | D:1      | Reached XP level 1. HP: 19/19 MP: 0/0
    21 | D:1      | Reached skill level 3 in Long Blades
   134 | D:1      | Reached XP level 2. HP: 26/26 MP: 1/1
   389 | D:1      | Reached skill level 4 in Long Blades
   974 | D:2      | Reached XP level 3. HP: 31/31 MP: 2/2
  1836 | D:3      | Reached skill level 5 in Long Blades
  1870 | D:3      | Reached XP level 4. HP: 29/39 MP: 3/3
  2545 | D:3      | Noticed a phantom
  2557 | D:3      | Reached skill level 6 in Long Blades
  2589 | D:3      | Killed a phantom
  2589 | D:3      | Reached skill level 7 in Long Blades
  2589 | D:3      | Reached XP level 5. HP: 36/45 MP: 4/4
  2846 | D:3      | Found a shimmering altar of Xom.
  2847 | D:3      | Found a glowing golden altar of the Shining One.
  3160 | D:4      | Noticed Robin
  3174 | D:4      | Reached XP level 6. HP: 40/51 MP: 5/5
  3195 | D:4      | Killed Robin
  3302 | D:4      | Reached skill level 8 in Long Blades
  3508 | D:4      | Noticed George's ghost (amateur MiFi)
  3570 | D:4      | Killed George's ghost
  3570 | D:4      | Reached skill level 9 in Long Blades
  3570 | D:4      | Reached XP level 7. HP: 24/57 MP: 6/6
  3840 | D:4      | Reached skill level 10 in Long Blades
  3928 | D:4      | Found a glowing silver altar of Zin.
  3978 | D:5      | Entered Level 5 of the Dungeon
  4123 | D:5      | Noticed Dowan
  4123 | D:5      | Noticed Duvessa
  4124 | D:5      | Found Haenkek's Assorted Antiques.
  4137 | D:5      | Killed Duvessa
  4137 | D:5      | Reached skill level 11 in Long Blades
  4236 | D:5      | Reached XP level 8. HP: 53/64 MP: 7/7
  4249 | D:5      | Killed Dowan
  4344 | D:5      | Found a staircase to the Ecumenical Temple.
  4349 | Temple   | Entered the Ecumenical Temple
  4430 | Temple   | Became a worshipper of Warmaster Okawaru
  4533 | D:5      | Found an opulent altar of Gozag.
  4622 | D:5      | Got a distressingly furry ring mail
  4633 | D:5      | Identified the +0 ring mail "Quhit" {rC+ Int-3 SInv Stlth+} (You found it on level 5 of the Dungeon)
  4762 | D:6      | Reached skill level 1 in Invocations
  5021 | D:6      | Found a deep blue altar of Sif Muna.
  5206 | D:6      | Reached * piety under Okawaru
  5297 | D:6      | Reached skill level 5 in Armour
  5686 | D:7      | Noticed removeelyvilon's ghost (novice KoSu)
  5884 | D:7      | Killed removeelyvilon's ghost
  5884 | D:7      | Reached ** piety under Okawaru
  5884 | D:7      | Reached skill level 5 in Fighting
  5884 | D:7      | Reached skill level 12 in Long Blades
  5884 | D:7      | Reached skill level 5 in Shields
  5884 | D:7      | Reached XP level 9. HP: 51/73 MP: 8/10
  6015 | D:7      | Reached *** piety under Okawaru
  6031 | D:7      | HP: 3/74 [orc priest/divine providence (11)]
  6033 | D:7      | Killed from afar by an orc wizard

Vault maps used:
D:1:      dpeg_arrival_rooms_c, corner_web_ring
D:2:      first_bread
D:3:      kennysheep_slugbush, gammafunk_temple_overflow_pools
D:4:      lemuel_round_altar, item_on_display_a, uniq_robin
D:5:      grunt_gozag_statues, serial_shops, shop, kennysheep_generic_room_16,
          uniq_duvessa
D:6:      kennysheep_windowed_halls, lemuel_round_altar, kennysheep_potato
D:7:      serial_shops, shop, basic_altar, minmay_door_square, uniq_pikel
Temple:   nicolae_temple_elliptical

Skill      XL: |  1  2  3  4  5  6  7  8  9 |
---------------+----------------------------+-----
Long Blades    | 3 4 5 7 9 11 12 | 12.2
Fighting       | 5 |  5.8
Armour         | 6 7 |  7.2
Invocations    | 3 |  3.7
Shields        | 5 |  5.9

Action                   |  1- 3 |  4- 6 |  7- 9 || total
-------------------------+-------+-------+-------++-------
Melee: Long sword        |   120 |   210 |   298 ||   628
       Headbutt          |    18 |    32 |    46 ||    96
  Use: Scroll            |       |       |     4 ||     4
 Stab: Sleeping          |       |       |     3 ||     3
  Eat: Chunk             |     3 |     6 |     8 ||    17
Armor: Scale mail        |    26 |       |       ||    26
       Chain mail        |    31 |   128 |     9 ||   168
       Plate armour      |       |       |    25 ||    25
       Ring mail         |       |       |    47 ||    47
Dodge: Dodged            |    39 |    41 |    77 ||   157
Block: Shield            |    52 |   125 |   126 ||   303
